 Dungeon Crawl Stone Soup version 0.18.0-1-g0107ab7 (webtiles) character file.

95 xenogear85 the Skirmisher (level 4, -10/35 HPs)
             Began as a Mummy Fighter on May 5, 2016.
             Mangled by an orc warrior
             ... wielding a +0 dire flail
              (21 damage)
             ... on level 2 of the Dungeon.
             The game lasted 00:32:16 (2988 turns).

xenogear85 the Skirmisher (Mummy Fighter)           Turns: 2988, Time: 00:32:16

Health: -10/35     AC:  6    Str: 20    XL:     4   Next: 40%
Magic:  4/4        EV:  7    Int:  7    God:
Gold:   134        SH:  9    Dex: 11    Spells: 0 memorised, 3 levels left

rFire  x . .     SeeInvis .     u - +0 war axe (flame)
rCold  + . .     Gourm    .     b - +0 scale mail
rNeg   + + +     Faith    .     c - +0 shield
rPois  ∞         Spirit   .     (no helmet)
rElec  .         Dismiss  .     (no cloak)
rCorr  .         Reflect  .     (no gloves)
SustAt .         Harm     .     (no boots)
MR     .....                    (no amulet)
Stlth  ..........               (no ring)
                                (no ring)

@: not resistant to hostile enchantments, extremely unstealthy
A: no food or potions, fire vulnerability, cold resistance 1, negative energy
resistance 3, torment resistance, unbreathing
a: no special abilities


You were on level 2 of the Dungeon.
You were not hungry.

You visited 1 branch of the dungeon, and saw 3 of its levels.

You collected 134 gold pieces.

Inventory:

Hand Weapons
 a - a +0 flail
 f - a -2 hand axe
 h - a +0 club
 i - a +0 short sword
 j - a +0 spear
 l - a +0 spear
 n - a +0 club
 t - a +0 short sword
 u - a +0 war axe of flaming (weapon)
 v - a +0 blowgun
 y - a +0 war axe
 B - a +0 club
Missiles
 e - 9 arrows
 g - 36 stones
 w - 21 bolts
 x - 9 tomahawks (quivered)
Armour
 b - a +0 scale mail (worn)
 c - a +0 shield (worn)
 d - a +0 leather armour
 p - a +0 leather armour
Scrolls
 m - a scroll of remove curse
Potions
 k - 2 potions of mutation {unknown}
 q - a potion of might {unknown}
 r - a potion of haste {unknown}
 A - a potion of degeneration {unknown}
Comestibles
 o - 4 bread rations


   Skills:
 + Level 3.4 Fighting
 + Level 0.1(1.0) Axes
 + Level 1.7 Maces & Flails
 + Level 3.0 Armour
 + Level 1.2 Dodging
 + Level 3.1 Shields


You had 3 spell levels left.
You didn't know any spells.

Dungeon Overview and Level Annotations

Branches:
Dungeon (3/15)

Altars:
Dithmenos
Makhleb

Annotations:
D:3 Chiseanne's ghost, amateur DsWz


Innate Abilities, Weirdness & Mutations

You do not eat or drink.
Your flesh is vulnerable to fire.
You are immune to poison.
Your flesh is cold resistant.
You are immune to negative energy.
You are immune to unholy pain and torment.
You can survive without breathing.


Message History

Are you sure you won't change your mind later?
You have lost your religion!
Makhleb does not appreciate desertion!
Unknown command.
There is an open door here.
There is an open door here.
There is an escape hatch in the ceiling here.
A mysterious force pulls you upwards. The hatch slams shut behind you.
There is a stone staircase leading down here.
You climb downwards.
There is a stone staircase leading up here.
An orc warrior comes into view. It is wielding a dire flail.
There is an open door here.
You closely miss the orc warrior.
The orc warrior hits you with a dire flail! x2
* * * LOW HITPOINT WARNING * * *
You barely miss the orc warrior.
The orc warrior hits you with a dire flail!!
Ouch! That really hurt!
You die...

#######.## #########......## ####
#..# #.......... ...##########.##
#.###.###.. ##.............# #.#
#.# #..
#..............########.###'###..
#.......................###_'....
#.......................###'###..
###............o........# #.# #..
# #...........##@######.###.###..
#...........##..# #..........
#...........###.# #...#######
#...........# #.# #...#
#...........# #.# ###.#
###'###########.#### #.#
#...............<# #.#
#####..........### #.#
#...........# #.#


You could see an orc warrior.

Vanquished Creatures
  5 adders (D:2)
  A giant gecko (D:1)
  2 giant cockroaches
  A goblin (D:1)
  6 hobgoblins
  5 jackals
  3 quokkas
  A ball python (D:2)
  10 bats
  4 giant newts
  8 kobolds
  7 rats
53 creatures vanquished.

Notes
Turn   | Place    | Note
--------------------------------------------------------------
     0 | D:1      | xenogear85 the Mummy Fighter began the quest for the Orb.
     0 | D:1      | Reached XP level 1. HP: 18/18 MP: 1/1
   203 | D:1      | Reached XP level 2. HP: 21/24 MP: 2/2
  1193 | D:2      | Reached XP level 3. HP: 29/29 MP: 3/3
  1286 | D:2      | Found a shadowy altar of Dithmenos.
  1396 | D:2      | Reached skill level 1 in Dodging
  2136 | D:2      | Reached XP level 4. HP: 28/35 MP: 4/4
  2172 | D:2      | Found a burning altar of Makhleb.
  2184 | D:2      | Became a worshipper of Makhleb the Destroyer
  2370 | D:3      | Noticed Chiseanne's ghost (amateur DsWz)
  2898 | D:2      | Fell from the grace of Makhleb
  2983 | D:2      | Noticed an orc warrior
  2988 | D:2      | Mangled by an orc warrior

Skill      XL: |  1  2  3  4 |
---------------+-------------+-----
Dodging        | 1 |  1.2
Shields        | 3 |  3.1
Armour         | 3 |  3.0
Fighting       | |  3.4
Axes           | |  0.1
Maces & Flails | |  1.7

Action                   |  1- 3 |  4- 6 || total
-------------------------+-------+-------++-------
Melee: Hand axe          |   251 |    55 ||   306
       Flail             |     7 |       ||     7
       War axe           |       |    19 ||    19
Throw: Stone             |     1 |       ||     1
Invok: Renounce Religion |       |     1 ||     1
  Use: Scroll            |       |     3 ||     3
Armor: Scale mail        |   148 |    35 ||   183
Dodge: Dodged            |   112 |    27 ||   139
Block: Shield            |   160 |    34 ||   194
